 Dungeon Crawl Stone Soup version 0.31.0-9-g3a7656b989 (webtiles) character file.

Game seed: 10203882106404573822

112 qw the Skirmisher (level 4, -3/25 HPs)
             Began as a Deep Elf Hunter on Feb 2, 2024.
             Slain by a sleepcap (20 damage)
             ... on level 4 of the Dungeon.
             The game lasted 00:00:09 (2645 turns).

qw the Skirmisher (Deep Elf Hunter)                 Turns: 2645, Time: 00:00:10

Health: -3/25      AC:  5    Str: 10    XL:     4   Next: 64%
Magic:  6/6        EV:  2    Int: 14    God:
Gold:   149        SH:  0    Dex: 18    Spells: 3/3 levels left

rFire   . . .        a - +0 shortbow
rCold   . . .        (shield currently unavailable)
rNeg    . . .        j - +0 ring mail
rPois   .            (no helmet)
rElec   .            (no cloak)
rCorr   .            (no gloves)
SInv    .            (no boots)
Will    .....        c - amulet of the acrobat
Stlth   +            (no ring)
HPRegen 0.24/turn    (no ring)
MPRegen 0.10/turn

%: acrobat
@: sleeping
A: no striking features
a: no special abilities


You were on level 4 of the Dungeon.
You visited 1 branch of the dungeon, and saw 4 of its levels.

You collected 197 gold pieces.
You spent 48 gold pieces at shops.


   Skills:
 - Level 1.5 Fighting
 + Level 8.1 Ranged Weapons
 - Level 2.4 Dodging
 - Level 1.2 Stealth


You had 3 spell levels left.
You didn't know any spells.
Your spell library was empty.

Inventory:

Hand Weapons
 a - a +0 shortbow (weapon)
Armour
 j - a +0 ring mail (worn)
Jewellery
 c - an amulet of the acrobat (around neck)
Scrolls
 d - a scroll of teleportation {unknown}
Potions
 b - a potion of magic {unknown}
 e - a potion of heal wounds

Dungeon Overview and Level Annotations

Branches:
Dungeon (4/15)
 Temple: D:4-7

Altars:
Cheibriados
Fedhas

Shops:
D:2 [   D:4 =


Message History

You kill the endoplasm!
A sleepcap comes into view.
You shoot an arrow.
The arrow hits the sleepcap but does no damage.
You shoot an arrow. The arrow hits the sleepcap.
The sleepcap is moderately damaged.
You shoot an arrow.
The arrow hits the sleepcap but does no damage.
The sleepcap is moderately damaged.
You shoot an arrow. The arrow hits the sleepcap.
The sleepcap is moderately damaged.
You shoot an arrow.
The arrow hits the sleepcap but does no damage.
The sleepcap is moderately damaged.
The sleepcap barely misses you.
You shoot an arrow.
The arrow completely misses the sleepcap.
The sleepcap releases spores at you.
You shoot an arrow. The arrow hits the sleepcap.
The sleepcap is heavily damaged.
The sleepcap barely misses you.
You shoot an arrow. The arrow hits the sleepcap.
The sleepcap is severely damaged.
The sleepcap closely misses you.
You shoot an arrow.
The arrow hits the sleepcap but does no damage.
The sleepcap is severely damaged.
The sleepcap releases spores at you but does no damage. x2
You shoot an arrow.
The arrow hits the sleepcap but does no damage.
The sleepcap is severely damaged.
The sleepcap releases spores at you but does no damage.
You shoot an arrow. The arrow hits the sleepcap.
The sleepcap is severely damaged.
The sleepcap releases spores at you.
You are engulfed in a cloud of soporific spores!
You fall asleep.
The sleepcap releases spores at you!!
Ouch! That really hurt!
You die...

#..## ###....
#...## ##......
#....##
##.......
##.....##
##........
#.......#
#.........
##.......##
#.........
##.........#
##........
##..........##
#........
#......@.....#
###......
#......f......#
######.
.......!......#
##
.............##
###
.............#
###..
.............#
###....
............##
#....#.
##........###
#######


You could see a sleepcap.

Vanquished Creatures
  3 adders
  A dart slug (D:2)
  13 orcs (D:3)
  4 endoplasms
  4 giant cockroaches
  4 goblins
  7 hobgoblins
  3 quokkas
  6 ball pythons
  7 bats
  2 frilled lizards (D:3)
  5 kobolds
  5 rats
64 creatures vanquished.

Notes
Turn   | Place    | Note
-------+----------+-------------------------------------------
     0 | D:1      | qw the Deep Elf Hunter began the quest for the Orb.
     0 | D:1      | Reached XP level 1. HP: 12/12 MP: 3/3
     0 | D:1      | 0 ||| qw: Version: 0.3-a-155-g5e7d8dd
     0 | D:1      | 0 ||| qw: Game counter: 2059
     0 | D:1      | 0 ||| qw: Melee chars always use a shield: true
     0 | D:1      | 0 ||| qw: God list: Okawaru
     0 | D:1      | 0 ||| qw: Allow faded altars: false
     0 | D:1      | 0 ||| qw: Do Orc after clearing Dungeon:15 true
     0 | D:1      | 0 ||| qw: Do second Lair branch before Depths: true
     0 | D:1      | 0 ||| qw: Lair rune preference: random
     0 | D:1      | 0 ||| qw: Goals: Normal
     0 | D:1      | 0 ||| PLANNING D:1-11
   162 | D:1      | Reached XP level 2. HP: 16/16 MP: 4/4
   195 | D:1      | Found a faded altar of an unknown god.
   233 | D:1      | Reached skill level 6 in Ranged Weapons
   608 | D:1      | 608 ||| READING 3 scrolls labelled KOBAISOANY.
   608 | D:1      | 608 ||| IDENTIFYING scroll labelled SUCHUY BORPH
   609 | D:1      | 609 ||| DROPPING scroll of butterflies.
   610 | D:1      | 610 ||| DROPPING scroll of vulnerability.
  1043 | D:2      | Reached XP level 3. HP: 20/20 MP: 5/5
  1176 | D:2      | Found Waeho's Armour Boutique.
  1181 | D:2      | 1181 ||| BUYING +0 ring mail (48 gold).
  1181 | D:2      | Bought a +0 ring mail for 48 gold pieces
  1181 | D:2      | 1181 ||| SHOPLISTING +2 ring mail of fire resistance (252
                  | gold, have 45).
  1322 | D:2      | 1322 ||| UPGRADING to +0 ring mail.
  1332 | D:2      | 1332 ||| DROPPING +0 leather armour.
  1333 | D:2      | 1333 ||| DROPPING +6 ring of intelligence.
  1334 | D:2      | 1334 ||| READING 2 scrolls of identify.
  1334 | D:2      | 1334 ||| IDENTIFYING glowing emerald potion
  1335 | D:2      | 1335 ||| READING scroll of identify.
  1335 | D:2      | 1335 ||| IDENTIFYING puce potion
  1336 | D:2      | 1336 ||| READING scroll labelled DENGON YRUMODGH.
  1337 | D:2      | 1337 ||| READING scroll labelled USOEDA GEOMULEN.
  1338 | D:2      | 1338 ||| READING scroll labelled BAHEXZ PEEDYFF.
  1339 | D:2      | 1339 ||| DROPPING potion of berserk rage.
  1340 | D:2      | 1340 ||| DROPPING potion of degeneration.
  1501 | D:3      | Reached skill level 7 in Ranged Weapons
  1622 | D:3      | Found a blossoming altar of Fedhas.
  1657 | D:3      | Reached XP level 4. HP: 24/25 MP: 6/6
  1969 | D:3      | Found a snail-covered altar of Cheibriados.
  2088 | D:3      | 2088 ||| UPGRADING to amulet of the acrobat.
  2093 | D:3      | 2093 ||| READING scroll labelled USAINI TYLERO.
  2094 | D:3      | 2094 ||| READING scroll labelled RASMUA TILAX.
  2095 | D:3      | 2095 ||| DRINKING 2 sedimented grey potions.
  2097 | D:3      | 2097 ||| Stepping ~*~*~tactically~*~*~ (cloud).
  2103 | D:3      | HP: 6/25 [poisoned by you (poison gas)]
  2398 | D:4      | Reached skill level 8 in Ranged Weapons
  2547 | D:4      | Found Ziroad's Jewellery Boutique.
  2552 | D:4      | 2552 ||| SHOPLISTING amulet of Leaves {Acrobat Harm rF+
                  | Str+6 Int+3} (754 gold, have 149).
  2552 | D:4      | 2552 ||| SHOPLISTING ring of poison resistance (240 gold,
                  | have 149).
  2552 | D:4      | 2552 ||| SHOPLISTING ring of the Crushed Portals {rPois
                  | Dex+3} (399 gold, have 149).
  2552 | D:4      | 2552 ||| SHOPLISTING ring of willpower (300 gold, have
                  | 149).
  2645 | D:4      | Slain by a sleepcap

Levels and vault maps discovered:
D:1:      dpeg_arrival_rhombi, layout_basic, shapermc_ecumenical_altar_venn
D:2:      cheibrodos_old_hovel, layout_loops_cross, serial_shops,
          nicolae_shop_pleasant_corner_grove
D:3:      layout_basic, fedhas_altar_3, mainiacjoe_overflow_24_doors
D:4:      layout_cave_pods, kennysheep_little_box, serial_shops,
          nicolae_shop_peninsula, grunt_decor_cap

Skill      XL: |  1  2  3  4 |
---------------+-------------+-----
Ranged Weapons | 6 7 8 |  8.1
Fighting       | |  1.5
Dodging        | |  2.4
Stealth        | |  1.2

Action                     |  1- 3 |  4- 6 || total
---------------------------+-------+-------++-------
   Fire: Shortbow          |   120 |    81 ||   201
    Use: Scroll            |     6 |     2 ||     8
         Potion            |       |     1 ||     1
 Armour: Leather armour    |     8 |       ||     8
         Ring mail         |    24 |    33 ||    57
  Dodge: Dodged            |    30 |    16 ||    46

Table legend:
 A = Non-vault XP
 B = Vault XP
 C = Vault XP percentage of total XP
 D = Non-vault monster count
 E = Vault monster count
 F = Vault count percentage of total count
                 A         B        C        D         E       F
            +---------+---------+-------+---------+---------+-------
      Total |     159 |       2 |   1.2 |      63 |       1 |   1.6
            +---------+---------+-------+---------+---------+-------
        D:1 |      19 |       0 |   0.0 |      12 |       0 |   0.0
        D:2 |      21 |       2 |   8.7 |      11 |       1 |   8.3
        D:3 |      93 |       0 |   0.0 |      32 |       0 |   0.0
        D:4 |      26 |       0 |   0.0 |       8 |       0 |   0.0
            +---------+---------+-------+---------+---------+-------
